 Dungeon Crawl Stone Soup version 0.23.2-33-g5129a83184 (webtiles) character file.

Game seed: 14566228276335413519

1528 Ceapi the Cleaver (level 8, -9/64 HPs)
             Began as a Hill Orc Berserker on July 15, 2019.
             Was an Elder of Trog.
             Mangled by an orc warrior
             ... wielding a +0 glaive
              (18 damage)
             ... on level 6 of the Dungeon.
             The game lasted 00:20:32 (5583 turns).

Ceapi the Cleaver (Hill Orc Berserker)              Turns: 5583, Time: 00:20:33

Health: -9/64      AC: 10    Str: 22    XL:     8   Next: 85%
Magic:  8/8        EV:  8    Int:  7    God:    Trog [****..]
Gold:   333        SH:  0    Dex: 10    Spells: 7/7 levels left

rFire    + . .     SeeInvis .   k - +2 war axe (chop)
rCold    x . .     Gourm    .   (no shield)
rNeg     + . .     Faith    .   i - +0 chain mail
rPois    .         Spirit   .   (no helmet)
rElec    .         Reflect  .   d - +0 cloak
rCorr    .         Harm     .   (no gloves)
MR       .....                  j - +0 pair of boots
Stlth    ..........             (no amulet)
HPRegen  0.20/turn              u - ring of fire
MPRegen  0.11/turn              w - ring of positive energy

@: no status effects
A: no striking features
a: Berserk, Trog's Hand, Brothers in Arms, Renounce Religion


You were on level 6 of the Dungeon.
You worshipped Trog.
Trog was greatly pleased with you.
You were near starving.

You visited 1 branch of the dungeon, and saw 6 of its levels.

You collected 333 gold pieces.

Inventory:

Hand Weapons
 k - a +2 war axe of chopping (weapon)
Armour
 d - a +0 cloak (worn)
 i - a +0 chain mail (worn)
 j - a +0 pair of boots (worn)
Jewellery
 u - a ring of fire (left hand)
 w - a ring of positive energy (right hand)
Wands
 r - a wand of flame (12)
Scrolls
 a - 2 scrolls of noise {unknown}
 e - 4 scrolls of remove curse {unknown}
 f - a scroll of enchant armour {unknown}
 g - 3 scrolls of identify
 l - a scroll of blinking {unknown}
 m - a scroll of teleportation {unknown}
 n - a scroll of magic mapping {unknown}
 p - a scroll of enchant weapon {unknown}
 q - a scroll of fog {unknown}
 s - a scroll of random uselessness {unknown}
 v - a scroll of amnesia {unknown}
 x - a scroll of acquirement {unknown}
Potions
 b - a potion of magic
 h - 2 potions of curing
 t - a potion of agility {unknown}
 z - a potion of mutation {unknown}
 A - 2 potions of flight
 B - a potion of resistance {unknown}
Comestibles
 c - 9 rations


   Skills:
 - Level 3.6 Fighting
 + Level 13.9 Axes
 - Level 2.1 Armour
 - Level 1.5 Dodging


You had 7 spell levels left.
You didn't know any spells.
Your spell library was empty.

Dungeon Overview and Level Annotations

Branches:
Dungeon (6/15)             Temple (0/1) D:4

Altars:
Elyvilon
Fedhas
Okawaru
Sif Muna
Trog
Vehumet
Yredelemnul
The Shining One

Annotations:
D:6 Pikel


Message History

The orc warrior is heavily wounded.
You slash the orc wizard! You slice the orc!!
You kill the orc!
Trog accepts your kill.
You closely miss the orc warrior. You closely miss the orc wizard.
The orc warrior hits you with a +0 glaive!
The orc wizard barely misses you.
You closely miss the orc. You hit the orc wizard.
You kill the orc wizard!
Trog accepts your kill.
Trog appreciates your killing of a magic user.
You hit the orc warrior but do no damage.
The orc hits you but does no damage.
The orc warrior hits you with a +0 glaive!!
The orc warrior hits you from afar with a +0 glaive!!
* * * LOW HITPOINT WARNING * * *
The scorpion stings you but does no damage.
The orc warrior hits you from afar with a +0 glaive!!
You die...

....# ##..
....####..[
.........
#.....# #...#
#...# ##..<# .
#.(..#
....###.o@>#
.....Kpps..#
......po.....#
......#####...#
...... ##...#
.....# ##..
..... # ....
....


You could see Pikel, an orc warrior, 3 slaves, a scorpion and an orc.

Vanquished Creatures
  Grinder (D:4)
  Sigmund (D:3)
  Menkaure (D:5)
  2 sky beasts
  Blork the orc (D:5)
  A scorpion (D:4)
  A hound (D:5)
  A quasit (D:3)
  A jelly (D:5)
  An orc priest (D:4)
  A centaur skeleton (D:4)
  A bullfrog skeleton (D:4)
  An iguana (D:5)
  Ijyb (D:3)
  3 orc wizards
  5 worker ants
  A mummy (D:5)
  6 gnolls (D:3)
  12 adders
  2 oozes (D:1)
  3 worms
  4 dart slugs
  3 leopard geckos
  13 orcs
  3 ball pythons
  7 giant cockroaches
  5 goblins
  3 hobgoblins
  8 jackals
  7 kobolds
  4 quokkas
  9 bats
  2 frilled lizards
  A quokka skeleton (D:4)
  10 rats
126 creatures vanquished.

Notes
Turn   | Place    | Note
-------+----------+-------------------------------------------
     0 | D:1      | Ceapi the Hill Orc Berserker began the quest for the Orb.
     0 | D:1      | Reached XP level 1. HP: 19/19 MP: 1/1
    94 | D:1      | Reached XP level 2. HP: 17/26 MP: 2/2
   367 | D:1      | Reached skill level 5 in Axes
   578 | D:1      | Reached XP level 3. HP: 31/31 MP: 3/3
  1030 | D:2      | Found a faded altar of an unknown god.
  1035 | D:2      | Reached skill level 6 in Axes
  1476 | D:2      | Reached XP level 4. HP: 39/39 MP: 4/4
  1479 | D:2      | Reached ** piety under Trog
  1920 | D:2      | Reached skill level 7 in Axes
  1968 | D:2      | Found a white marble altar of Elyvilon.
  1973 | D:2      | Found a blossoming altar of Fedhas.
  1976 | D:2      | Found an iron altar of Okawaru.
  1976 | D:2      | Found a bloodstained altar of Trog.
  1982 | D:2      | Found a radiant altar of Vehumet.
  2106 | D:3      | Reached XP level 5. HP: 45/45 MP: 5/5
  2119 | D:3      | Reached skill level 8 in Axes
  2516 | D:3      | Reached XP level 6. HP: 51/51 MP: 6/6
  2519 | D:3      | Reached *** piety under Trog
  2604 | D:3      | Noticed Sigmund
  2623 | D:3      | Killed Sigmund
  2623 | D:3      | Reached skill level 9 in Axes
  2848 | D:3      | Noticed Ijyb
  2855 | D:3      | Reached skill level 10 in Axes
  2862 | D:3      | Killed Ijyb
  2862 | D:3      | Reached XP level 7. HP: 56/57 MP: 7/7
  3357 | D:4      | Identified Xoexu Mun's Handbook of Supportive Air
  3384 | D:4      | Found a staircase to the Ecumenical Temple.
  3389 | D:4      | Reached skill level 11 in Axes
  3796 | D:4      | Noticed Grinder
  3805 | D:4      | Killed Grinder
  3805 | D:4      | Reached skill level 12 in Axes
  3805 | D:4      | Reached XP level 8. HP: 41/64 MP: 8/8
  4161 | D:5      | Entered Level 5 of the Dungeon
  4349 | D:5      | Found a deep blue altar of Sif Muna.
  4439 | D:5      | Reached **** piety under Trog
  4622 | D:5      | Noticed Blork the orc
  4629 | D:5      | Killed Blork the orc
  4629 | D:5      | Reached skill level 13 in Axes
  4681 | D:5      | Found a glowing golden altar of the Shining One.
  4684 | D:5      | Found a basalt altar of Yredelemnul.
  4912 | D:5      | Noticed Menkaure
  4920 | D:5      | Killed Menkaure
  5389 | D:5      | Noticed a profane servitor
  5407 | D:5      | Noticed an angel
  5572 | D:6      | Noticed Pikel
  5583 | D:6      | Mangled by an orc warrior

Skill      XL: |  1  2  3  4  5  6  7  8 |
---------------+-------------------------+-----
Axes           | 5 6 7 8 10 12 13 | 13.9
Fighting       | |  3.6
Armour         | |  2.1
Dodging        | |  1.5

Action                   |  1- 3 |  4- 6 |  7- 9 || total
-------------------------+-------+-------+-------++-------
Melee: Hand axe          |    70 |       |       ||    70
       War axe           |    11 |   126 |   131 ||   268
Invok: Berserk           |       |     2 |       ||     2
       Trog's Hand       |       |     1 |     1 ||     2
  Use: Scroll            |       |       |     3 ||     3
       Potion            |       |       |     1 ||     1
  Eat: Chunk             |     2 |     7 |     7 ||    16
Armor: Animal skin       |    14 |       |       ||    14
       Chain mail        |    27 |   101 |    55 ||   183
Dodge: Dodged            |    44 |    62 |    35 ||   141
